 Dungeon Sprint DCSS version 0.17-a0-1954-g0dddeaa (webtiles) character file.

15264 kosy22 the Spry (level 11, -9/123 HPs)
             Began as a Troll Monk on Oct 3, 2015.
             Was the Champion of Jiyva.
             Mangled by a stone giant (illusionary) (34 damage)
             ... in the Dungeon (Sprint IX: "|||||||||||||||||||||||||||||").
             The game lasted 00:15:33 (2021 turns).

kosy22 the Spry (Troll Monk)                        Turns: 2021, Time: 00:15:33

Health: -9/123     AC:  9    Str: 27    XL:     11   Next: 99%
Magic:  8/10       EV: 18    Int:  6    God:    Jiyva [******]
Gold:   1600       SH:  0    Dex: 17    Spells: 0 memorised, 10 levels left

rFire  + + +     SeeInvis .     r - +9 rapier of Might {venom, rF+ rN+ Int-2 Dex+4}
rCold  x . .     Clarity  .     H - +1 fire dragon armour
rNeg   + . .     SustAt   .     (no shield)
rPois  .         Gourm    +     w - +0 hat
rElec  .         Spirit   .     (no cloak)
rCorr  +         Warding  .     (gloves unavailable)
rMut   .         NoTele   +     (boots unavailable)
MR     .....                    (no amulet)
Stlth  ++........               l - +3 ring of strength
                                m - +3 ring of strength

@: not resistant to hostile enchantments, unstealthy
A: unfitting armour, claws 3, fast metabolism 3, gourmand, regeneration 2,
shaggy fur 1, tough skin 2, eyeballs 1, gelatinous body 2, pseudopods 3,
translucent skin 2, jelly absorbing missiles
a: Request Jelly, Jelly Paralyse, Slimify, Cure Bad Mutation, Renounce Religion


You were in the Dungeon.
You worshipped Jiyva.
Jiyva was exalted by your worship.
You were very full.

You visited 1 branch You collected 1650 gold pieces.
You spent 50 gold pieces at shops.

Inventory:

Hand weapons
 n - the +2 halberd "Fyciemem" {freeze, rElec rF+ Dex+4}
   (You found it in the Dungeon)

   It has been specially enchanted to freeze those struck by it, causing extra
   injury to most foes and up to half again as much damage against particularly
   susceptible opponents.
   It can also slow down cold-blooded creatures.
   It affects your dexterity (+4).
   It protects you from fire.
   It insulates you from electricity.
 r - the +9 rapier of Might (weapon) {venom, rF+ rN+ Int-2 Dex+4}
   (You found it in the Dungeon)

   It poisons the flesh of those it strikes.
   It affects your intelligence (-2).
   It affects your dexterity (+4).
   It protects you from fire.
   It protects you from negative energy.
Armour
 a - a +0 robe
 v - a +0 cloak
 w - a +0 hat (worn)
 x - a +2 robe of magic resistance
 y - a +2 plate armour of cold resistance
 E - a +1 large shield
 F - a +0 swamp dragon armour
 G - a +0 mottled dragon armour
 H - a +1 fire dragon armour (worn)
Jewellery
 l - a +3 ring of strength (right claw)
 m - a +3 ring of strength (left claw)
 B - an uncursed ring of see invisible
 C - an uncursed ring of protection from cold
 D - an uncursed ring of fire
Magical devices
 k - a wand of draining (7)
Scrolls
 h - 4 scrolls of blinking
 i - 6 scrolls of remove curse
 j - 2 scrolls of amnesia
 q - 4 scrolls of identify
 s - a scroll of fog
 K - a scroll of fear
 L - 2 scrolls of enchant armour
Potions
 c - 5 potions of curing
 d - a potion of invisibility
 e - 2 potions of haste
 f - 4 potions of magic
 g - 3 potions of heal wounds
 o - a potion of cure mutation
 p - 2 potions of cancellation
 z - 2 potions of mutation {unknown}
 A - a potion of degeneration {unknown}
 I - a potion of might
 J - a potion of agility
Comestibles
 b - 13 bread rations
 t - 40 fruits
 u - 12 meat rations


   Skills:
 + Level 12.2 Fighting
 + Level 9.3 Short Blades
 + Level 4.6 Polearms
 + Level 1.9 Armour
 + Level 15.6 Dodging
 + Level 5.7 Stealth
 + Level 13.4 Unarmed Combat


You had 10 spell levels left.
You didn't know any spells.

Dungeon Overview and Level Annotations

Branches:
Dungeon (1/1)

Altars:
Cheibriados
Dithmenos
Elyvilon
Fedhas
Gozag
Kikubaaqudgha
Makhleb
Nemelex Xobeh
Okawaru
Qazlal
Ru
Sif Muna
Trog
Vehumet
Xom
Yredelemnul
Zin
The Shining One
Beogh
Jiyva
Lugonu

Shops:
D ::!:


Innate Abilities, Weirdness & Mutations

You are too large for most types of armour.
You have claws for hands.
Your metabolism is lightning-fast.
You like to eat raw meat.
You heal very quickly.
You are covered in fur (AC +1).
You have very tough skin (AC +2).
Your body is partially covered in golden eyeballs (Acc +3).
Your pliable body absorbs attacks (AC +1, EV +1).
Armour fits poorly on your massive pseudopods.
Your skin is mostly translucent (Stealth, -foe acc).
You have a small jelly attached to you that may absorb incoming projectiles.


Message History

The fire dragon is almost dead.
The fire dragon misses you. The fire dragon barely misses you.
The fire dragon tramples you.
You stumble backwards!
You puncture the fire dragon! You claw the fire dragon!
You kill the fire dragon!
The stone giant throws a large rock.
The large rock hits you!!
* * * LOW HITPOINT WARNING * * *
The large rock shimmers and vanishes!
The stone giant throws a large rock.
The large rock hits you!!
* * * LOW HITPOINT WARNING * * *
The large rock shimmers and vanishes!
There is an open door to the Dungeon, spattered with blood here.
You see here a fire dragon corpse.
The stone giant hits you but does no damage.
Items here: ( )))) [ † Use which ability?
Okay, then.
Drink which item? (? for menu, Esc to quit)
You feel much better. The stone giant hits you!!
You die...

[[[..J............'....÷÷...'..÷.
▓▓▓▓▓▓▓▓▓▓▓▓▓▓▓▓▓▓▓▓▓▓▓▓▓▓▓▓▓▓▓▓▓
.................................
▓▓▓▓▓▓▓▓▓▓▓▓▓▓▓▓▓▓▓▓▓▓▓▓▓▓▓▓▓▓▓▓▓
.'.....∩.∩.∩$∩..[)))....))..$...'
▓▓▓▓▓▓▓▓▓▓▓▓▓▓▓▓▓▓▓▓▓▓▓▓▓▓▓▓▓▓▓▓▓
....................).)[.........
▓▓▓▓▓▓▓▓▓▓▓▓▓▓▓▓▓▓▓▓▓▓▓▓▓▓▓▓▓▓▓▓▓
....RCC@†(.........[..[[
▓▓▓▓▓▓▓▓▓▓▓▓▓▓▓▓▓▓▓▓▓▓▓▓


You could see 2 stone giants and a rakshasa.

Vanquished Creatures
  A fire dragon (D)
  A centaur warrior (D)
  Harold (D)
  3 ogre magi (D)
  A skeletal warrior (D)
  2 wizards (D)
  An orc sorcerer (D)
  3 elephants (D)
  An octopode (shapeshifter) (D)
  Psyche (D)
  An efreet (D)
  A blink frog (D)
  A two-headed ogre (D)
  A yak (D)
  2 vampires (D)
  A hippogriff (D)
  Grum (D)
  4 wolves (D)
  A porcupine (D)
  A water moccasin (D)
  8 ogres (D)
  An ice beast (D)
  10 orc warriors (D)
  A centaur (D)
  2 crocodiles (D)
  3 giant frogs (D)
  2 crimson imps (D)
  A quasit (D)
  4 orc wizards (D)
  An orc priest (D)
  A worker ant (D)
  A sheep (D)
  A river rat (D)
  An adder zombie (D)
  A worm (D)
  6 orcs (D)
  A bat zombie (D)
  A hobgoblin (D)
  2 bats (D)
  A giant newt (D)
  A rat (D)
79 creatures vanquished.

Vanquished Creatures (collateral kills)
  Gastronok (D)
  3 dire elephants (D)
  2 ogre magi (D)
  An elephant (D)
  A spiny frog (D)
  A two-headed ogre (D)
  An orc warrior (D)
10 creatures vanquished.

Vanquished Creatures (others)
  A hydra (D)
  An elephant (D)
  5 slime creatures (D)
  A yak (D)
  A mottled dragon (D)
  A porcupine (D)
  A giant frog (D)
  A crimson imp (D)
  16 jellies (D)
  An ooze (D)
29 creatures vanquished.

Grand Total: 118 creatures vanquished

Notes
Turn   | Place    | Note
--------------------------------------------------------------
     0 | D        | kosy22 the Troll Monk began the quest for the Orb.
     0 | D        | Reached XP level 1. HP: 22/22 MP: 0/0
    22 | D        | Noticed an ogre
    22 | D        | Noticed a worker ant
    22 | D        | Noticed an ogre
    22 | D        | Noticed a crimson imp
    30 | D        | Killed an ogre
    30 | D        | Reached skill level 7 in Unarmed Combat
    30 | D        | Reached XP level 2. HP: 25/33 MP: 1/1
    30 | D        | Reached XP level 3. HP: 30/40 MP: 2/2
    30 | D        | Reached XP level 4. HP: 36/49 MP: 3/3
    37 | D        | Killed a worker ant
    39 | D        | Killed an ogre
    39 | D        | Reached skill level 5 in Fighting
    39 | D        | Reached skill level 5 in Dodging
    39 | D        | Reached skill level 9 in Unarmed Combat
    39 | D        | Reached XP level 5. HP: 26/57 MP: 4/4
    40 | D        | Killed a crimson imp
   117 | D        | Found a glowing silver altar of Zin.
   117 | D        | Found a glowing golden altar of the Shining One.
   117 | D        | Found an ancient bone altar of Kikubaaqudgha.
   117 | D        | Found a basalt altar of Yredelemnul.
   117 | D        | Found a shimmering altar of Xom.
   117 | D        | Found a radiant altar of Vehumet.
   118 | D        | Found an iron altar of Okawaru.
   119 | D        | Found a burning altar of Makhleb.
   120 | D        | Found a deep blue altar of Sif Muna.
   121 | D        | Found a bloodstained altar of Trog.
   122 | D        | Found a sparkling altar of Nemelex Xobeh.
   123 | D        | Found a white marble altar of Elyvilon.
   124 | D        | Found a roughly hewn altar of Beogh.
   125 | D        | Found a viscous altar of Jiyva.
   126 | D        | Found a corrupted altar of Lugonu.
   127 | D        | Found a blossoming altar of Fedhas.
   128 | D        | Found a snail-covered altar of Cheibriados.
   129 | D        | Found a shadowy altar of Dithmenos.
   130 | D        | Found a stormy altar of Qazlal.
   131 | D        | Found an opulent altar of Gozag.
   132 | D        | Found a sacrificial altar of Ru.
   133 | D        | Became a worshipper of Jiyva Jatuvud the Shapeless
   133 | D        | Acquired Jiyva's first power
   133 | D        | Acquired Jiyva's second power
   156 | D        | Gained mutation: You possess an exceptional clarity of mind. [Jiyva's grace]
   156 | D        | Acquired Jiyva's third power
   156 | D        | Gained mutation: You are partially covered in rugged brown scales (AC +1, +3% HP). [Jiyva's grace]
   156 | D        | Gained mutation: Your system is resistant to poisons. [Jiyva's grace]
   156 | D        | Acquired Jiyva's fourth power
   156 | D        | Lost mutation: You possess an exceptional clarity of mind. [Jiyva's grace]
   159 | D        | Gained mutation: Your body is partially covered in golden eyeballs (Acc +3). [Jiyva's grace]
   162 | D        | Got the +2 halberd "Fyciemem" {freeze, rElec rF+ Dex+4}
   164 | D        | Gained mutation: Your body sometimes deteriorates upon taking damage. [Jiyva's grace]
   171 | D        | Noticed a hill giant
   171 | D        | Noticed an ogre
   171 | D        | Noticed an ice beast
   171 | D        | Noticed a crimson imp
   171 | D        | Noticed a centaur
   176 | D        | Killed a centaur
   176 | D        | Reached skill level 10 in Unarmed Combat
   176 | D        | Reached XP level 6. HP: 57/69 MP: 5/5
   180 | D        | Slimified a hill giant
   180 | D        | Noticed an azure jelly
   180 | D        | a hill giant changed into an azure jelly
   180 | D        | Killed a crimson imp
   191 | D        | Killed an ice beast
   193 | D        | Killed an ogre
   193 | D        | Reached skill level 11 in Unarmed Combat
   222 | D        | Noticed a five-headed hydra
   222 | D        | Noticed a crimson imp
   222 | D        | Noticed a mottled dragon
   222 | D        | Noticed an octopode
   222 | D        | Noticed a quasit
   222 | D        | Noticed a giant frog
   223 | D        | Gained mutation: You are somewhat resistant to further mutation. [Jiyva's grace]
   225 | D        | Killed a giant frog
   225 | D        | Reached skill level 1 in Polearms
   225 | D        | Reached XP level 7. HP: 78/78 MP: 6/6
   230 | D        | Killed a quasit
   237 | D        | Killed an octopode
   237 | D        | Reached skill level 12 in Unarmed Combat
   239 | D        | Killed a six-headed hydra
   239 | D        | Reached XP level 8. HP: 38/89 MP: 7/7
   240 | D        | Killed a mottled dragon
   242 | D        | Lost mutation: You are somewhat resistant to further mutation. [Jiyva's grace]
   242 | D        | Lost mutation: Your system is resistant to poisons. [Jiyva's grace]
   242 | D        | Gained mutation: You have a small jelly attached to you that senses nearby items. [Jiyva's grace]
   242 | D        | Gained mutation: You are frail (-10% HP). [Jiyva's grace]
   244 | D        | Gained mutation: You are covered in slimy tendrils that may disarm your opponents. [Jiyva's grace]
   249 | D        | Killed a crimson imp
   252 | D        | Gained mutation: Your flesh is heat resistant. [Jiyva's grace]
   354 | D        | Got the +9 rapier of Might {venom, rF+ rN+ Int-2 Dex+4}
   366 | D        | Noticed a yak
   366 | D        | Noticed a porcupine
   366 | D        | Noticed a spiny frog
   366 | D        | Noticed a crocodile
   366 | D        | Noticed a giant frog
   370 | D        | Noticed a fire drake
   372 | D        | Noticed a yak
   374 | D        | Killed a giant frog
   376 | D        | Killed a crocodile
   377 | D        | Noticed a blink frog
   385 | D        | Killed a spiny frog
   392 | D        | Killed a porcupine
   392 | D        | Reached skill level 1 in Short Blades
   398 | D        | Killed a yak
   398 | D        | Reached skill level 13 in Unarmed Combat
   402 | D        | Slimified a fire drake
   402 | D        | Noticed a slime creature
   402 | D        | a fire drake changed into a slime creature
   402 | D        | Lost mutation: Your body sometimes deteriorates upon taking damage. [Jiyva's grace]
   402 | D        | Lost mutation: You are partially covered in rugged brown scales (AC +1, +3% HP). [Jiyva's grace]
   402 | D        | Lost mutation: Your flesh is heat resistant. [Jiyva's grace]
   414 | D        | Killed a yak
   418 | D        | Killed a blink frog
   504 | D        | Lost mutation: You are frail (-10% HP). [Jiyva's grace]
   534 | D        | Noticed a giant frog
   534 | D        | Noticed a porcupine
   534 | D        | Noticed an elephant
   534 | D        | Noticed a hippogriff
   534 | D        | Noticed a yak
   534 | D        | Noticed a crocodile
   538 | D        | Noticed a giant frog
   538 | D        | Killed a crocodile
   540 | D        | Slimified a yak
   540 | D        | Noticed a slime creature
   540 | D        | a yak changed into a slime creature
   542 | D        | Noticed a water moccasin
   544 | D        | Killed a hippogriff
   544 | D        | Reached XP level 9. HP: 42/97 MP: 0/8
   555 | D        | Killed an elephant
   556 | D        | Killed a porcupine
   559 | D        | Killed a giant frog
   562 | D        | Killed a slime creature
   566 | D        | Killed a giant frog
   566 | D        | Reached skill level 10 in Dodging
   573 | D        | Killed a water moccasin
   656 | D        | Noticed an elephant
   656 | D        | Noticed an elephant
   656 | D        | Noticed an elephant
   656 | D        | Noticed a dire elephant
   656 | D        | Noticed a dire elephant
   656 | D        | Noticed a dire elephant
   667 | D        | Killed a dire elephant
   669 | D        | Killed a dire elephant
   669 | D        | Gained mutation: You are partially covered in molten scales (AC +1). [Jiyva's grace]
   670 | D        | Gained mutation: Your spells are a little harder to cast, but a little more powerful. [Jiyva's grace]
   671 | D        | Noticed an elephant
   673 | D        | Killed a dire elephant
   673 | D        | Reached XP level 10. HP: 33/109 MP: 9/9
   675 | D        | Killed an elephant
   676 | D        | Lost mutation: Your spells are a little harder to cast, but a little more powerful. [Jiyva's grace]
   684 | D        | Killed an elephant
   695 | D        | Slimified an elephant
   695 | D        | an elephant changed into a slime creature
   710 | D        | Killed a slime creature
   713 | D        | Killed an elephant
   713 | D        | Reached skill level 10 in Fighting
   730 | D        | Noticed an elephant
   757 | D        | Killed an elephant
   988 | D        | Gained mutation: You have a small jelly attached to you that may absorb incoming projectiles. [Jiyva's grace]
   991 | D        | Lost mutation: You have a small jelly attached to you that may absorb incoming projectiles. [Jiyva's grace]
   996 | D        | Gained mutation: Armour fits poorly on your pseudopods. [Jiyva's grace]
  1024 | D        | Gained mutation: You can breathe flames. [Jiyva's grace]
  1025 | D        | Gained mutation: Your system is resistant to poisons. [Jiyva's grace]
  1053 | D        | Noticed Psyche
  1058 | D        | Noticed Gastronok
  1061 | D        | Killed Psyche
  1074 | D        | Killed Gastronok
  1074 | D        | Reached skill level 5 in Short Blades
  1081 | D        | Gained mutation: You are weak. (Str -2) [Jiyva's grace]
  1085 | D        | Gained mutation: Your spells are a little harder to cast, but a little more powerful. [Jiyva's grace]
  1216 | D        | Noticed an orc wizard
  1216 | D        | Noticed an orc wizard
  1216 | D        | Noticed an orc warrior
  1216 | D        | Noticed an orc warrior
  1220 | D        | Killed an orc warrior
  1222 | D        | Noticed an orc wizard
  1225 | D        | Noticed an orc sorcerer
  1225 | D        | Killed an orc warrior
  1227 | D        | Killed an orc wizard
  1230 | D        | Killed an orc wizard
  1231 | D        | Killed an orc wizard
  1233 | D        | Noticed an orc warrior
  1235 | D        | Noticed an orc wizard
  1236 | D        | Noticed an orc warrior
  1238 | D        | Killed an orc sorcerer
  1244 | D        | Killed an orc warrior
  1249 | D        | Killed an orc warrior
  1250 | D        | Killed an orc wizard
  1295 | D        | Noticed an orc warrior
  1295 | D        | Noticed an orc warrior
  1295 | D        | Noticed an orc knight
  1295 | D        | Noticed an orc knight
  1297 | D        | Noticed an orc priest
  1302 | D        | Lost mutation: You are weak. (Str -2) [Jiyva's grace]
  1303 | D        | Gained mutation: You are somewhat resistant to further mutation. [Jiyva's grace]
  1304 | D        | Lost mutation: Your system is resistant to poisons. [Jiyva's grace]
  1305 | D        | Lost mutation: You are somewhat resistant to further mutation. [Jiyva's grace]
  1306 | D        | Lost mutation: Your spells are a little harder to cast, but a little more powerful. [Jiyva's grace]
  1306 | D        | Lost mutation: You are partially covered in molten scales (AC +1). [Jiyva's grace]
  1310 | D        | Gained mutation: You are resistant to hostile enchantments. [Jiyva's grace]
  1310 | D        | Lost mutation: You are resistant to hostile enchantments. [Jiyva's grace]
  1311 | D        | Slimified an orc knight
  1311 | D        | an orc knight changed into a slime creature
  1312 | D        | Noticed an orc warrior
  1312 | D        | Gained mutation: You have a somewhat thin skeletal structure (Dex +2, Stealth). [Jiyva's grace]
  1313 | D        | Gained mutation: You have acidic saliva. [Jiyva's grace]
  1355 | D        | Slimified an orc knight
  1355 | D        | an orc knight changed into a slime creature
  1359 | D        | Lost mutation: You can breathe flames. [Jiyva's grace]
  1359 | D        | Gained mutation: You can spit weak poison. [Jiyva's grace]
  1366 | D        | Killed an orc warrior
  1371 | D        | Killed an orc warrior
  1377 | D        | Killed an orc warrior
  1377 | D        | Reached XP level 11. HP: 70/119 MP: 10/10
  1426 | D        | Noticed an orc warrior
  1436 | D        | Killed an orc warrior
  1439 | D        | Noticed an orc warrior
  1444 | D        | Killed an orc warrior
  1447 | D        | Lost mutation: Your body is partially covered in golden eyeballs (Acc +3). [Jiyva's grace]
  1462 | D        | Killed an orc priest
  1475 | D        | Noticed an orc warrior
  1476 | D        | Noticed an orc warrior
  1482 | D        | Killed an orc warrior
  1487 | D        | Killed an orc warrior
  1574 | D        | Found Vayckij's Book Boutique.
  1574 | D        | Noticed an ogre
  1574 | D        | Noticed an ogre mage
  1574 | D        | Noticed a two-headed ogre
  1574 | D        | Noticed an ogre
  1574 | D        | Noticed an ogre
  1576 | D        | Noticed an ogre
  1577 | D        | Slimified an ogre
  1577 | D        | an ogre changed into an ooze
  1577 | D        | Gained mutation: You evolve. [Jiyva's grace]
  1578 | D        | Found Kiangoc's Distillery.
  1578 | D        | Noticed an ogre mage
  1580 | D        | Noticed an ogre mage
  1590 | D        | Killed an ogre mage
  1590 | D        | Reached skill level 14 in Dodging
  1592 | D        | Killed a two-headed ogre
  1596 | D        | Killed an ogre mage
  1598 | D        | Killed an ogre mage
  1598 | D        | Reached skill level 5 in Stealth
  1602 | D        | Killed an ogre
  1604 | D        | Killed an ogre
  1607 | D        | Killed an ogre
  1612 | D        | Found Paran's Book Boutique.
  1616 | D        | Found Vujer's Book Shop.
  1659 | D        | Gained mutation: Your rubbery body absorbs attacks (AC +1). [Jiyva's grace]
  1663 | D        | Lost mutation: Your rubbery body absorbs attacks (AC +1). [Jiyva's grace]
  1664 | D        | Gained mutation: Your body is partially covered in golden eyeballs (Acc +3). [Jiyva's grace]
  1665 | D        | Lost mutation: You can spit weak poison. [Jiyva's grace]
  1666 | D        | Noticed an ogre
  1667 | D        | Noticed an ogre mage
  1668 | D        | Noticed an ogre mage
  1668 | D        | Lost mutation: You have acidic saliva. [Jiyva's grace]
  1669 | D        | Bought a potion of heal wounds for 50 gold pieces
  1669 | D        | Noticed a two-headed ogre
  1670 | D        | Noticed an ogre
  1671 | D        | Gained mutation: You have a small jelly attached to you that may absorb incoming projectiles. [Jiyva's grace]
  1672 | D        | Lost mutation: You evolve. [Jiyva's grace]
  1673 | D        | Lost mutation: You have a somewhat thin skeletal structure (Dex +2, Stealth). [Jiyva's grace]
  1677 | D        | Killed an ogre mage
  1678 | D        | Gained mutation: You are agile. (Dex +2) [Jiyva's grace]
  1681 | D        | Killed an ogre
  1681 | D        | Lost mutation: You are agile. (Dex +2) [Jiyva's grace]
  1686 | D        | Gained mutation: You are partially covered in slimy green scales (AC +2). [Jiyva's grace]
  1688 | D        | Gained mutation: Your skin is partially translucent (Stealth, -foe acc). [Jiyva's grace]
  1692 | D        | Killed an ogre mage
  1694 | D        | Killed a two-headed ogre
  1697 | D        | Lost mutation: You have a small jelly attached to you that senses nearby items. [Jiyva's grace]
  1698 | D        | Killed an ogre
  1699 | D        | Lost mutation: You are partially covered in slimy green scales (AC +2). [Jiyva's grace]
  1701 | D        | Gained mutation: You can spit weak poison. [Jiyva's grace]
  1704 | D        | Gained mutation: Your rubbery body absorbs attacks (AC +1). [Jiyva's grace]
  1707 | D        | Lost mutation: You are covered in slimy tendrils that may disarm your opponents. [Jiyva's grace]
  1711 | D        | Gained mutation: You are somewhat resistant to further mutation. [Jiyva's grace]
  1714 | D        | Gained mutation: You are partially covered in icy blue scales (AC +1). [Jiyva's grace]
  1716 | D        | Lost mutation: You are partially covered in icy blue scales (AC +1). [Jiyva's grace]
  1716 | D        | Lost mutation: You can spit weak poison. [Jiyva's grace]
  1717 | D        | Lost mutation: Your body is partially covered in golden eyeballs (Acc +3). [Jiyva's grace]
  1729 | D        | Lost mutation: You are somewhat resistant to further mutation. [Jiyva's grace]
  1731 | D        | Gained mutation: Your system is resistant to poisons. [Jiyva's grace]
  1731 | D        | Gained mutation: You are covered in slimy tendrils that may disarm your opponents. [Jiyva's grace]
  1731 | D        | Gained mutation: Your body is partially covered in golden eyeballs (Acc +3). [Jiyva's grace]
  1732 | D        | Gained mutation: You are partially covered in rough black scales (AC +4, Dex -1). [Jiyva's grace]
  1732 | D        | Lost mutation: You are partially covered in rough black scales (AC +4, Dex -1). [Jiyva's grace]
  1733 | D        | Lost mutation: Your system is resistant to poisons. [Jiyva's grace]
  1739 | D        | Gained mutation: Your body is mostly covered in golden eyeballs (Acc +5). [Jiyva's grace]
  1749 | D        | Gained mutation: Your mind is acute. (Int +2) [Jiyva's grace]
  1759 | D        | Noticed a wolf
  1759 | D        | Lost mutation: Your mind is acute. (Int +2) [Jiyva's grace]
  1759 | D        | Lost mutation: Your body is mostly covered in golden eyeballs (Acc +5). [Jiyva's grace]
  1762 | D        | Noticed a wolf
  1763 | D        | Noticed Grum
  1764 | D        | Noticed Harold
  1765 | D        | Noticed a wolf
  1765 | D        | Gained mutation: You are agile. (Dex +2) [Jiyva's grace]
  1766 | D        | Noticed a wolf
  1771 | D        | Killed a wolf
  1775 | D        | Killed Grum
  1778 | D        | Gained mutation: Your skin is mostly translucent (Stealth, -foe acc). [Jiyva's grace]
  1778 | D        | Gained mutation: Armour fits poorly on your large pseudopods. [Jiyva's grace]
  1780 | D        | Killed a wolf
  1780 | D        | Gained mutation: Your pliable body absorbs attacks (AC +1, EV +1). [Jiyva's grace]
  1781 | D        | Lost mutation: You are agile. (Dex +2) [Jiyva's grace]
  1781 | D        | Lost mutation: You are covered in slimy tendrils that may disarm your opponents. [Jiyva's grace]
  1781 | D        | Gained mutation: Armour fits poorly on your massive pseudopods. [Jiyva's grace]
  1795 | D        | Killed Harold
  1795 | D        | Reached skill level 15 in Dodging
  1798 | D        | Killed a wolf
  1799 | D        | Killed a wolf
  1951 | D        | Noticed a wizard
  1951 | D        | Noticed a vampire
  1951 | D        | Noticed a vampire
  1951 | D        | Noticed a skeletal warrior
  1951 | D        | Noticed a centaur warrior
  1952 | D        | Noticed an efreet
  1956 | D        | Killed a centaur warrior
  1964 | D        | Noticed a wizard
  1968 | D        | Killed a skeletal warrior
  1972 | D        | Killed a vampire
  1977 | D        | Killed a vampire
  1977 | D        | Reached skill level 1 in Armour
  1981 | D        | Killed a wizard
  1983 | D        | Noticed a fire dragon
  1988 | D        | Noticed a stone giant
  1989 | D        | Killed an efreet
  1992 | D        | Noticed a rakshasa
  1998 | D        | Killed a wizard
  2006 | D        | Slimified a fire dragon
  2006 | D        | Noticed an acid blob
  2006 | D        | a fire dragon changed into an acid blob
  2014 | D        | Killed an acid blob
  2018 | D        | Killed a fire dragon
  2019 | D        | HP: 3/123 [stone giant/large rock (19)]
  2021 | D        | Mangled by a stone giant (illusionary)

Vault maps used:
D:        linesprint

Action                   |  1- 3 |  4- 6 |  7- 9 | 10-12 || total
-------------------------+-------+-------+-------+-------++-------
Melee: Unarmed           |    16 |    10 |       |       ||    26
       Halberd           |       |    22 |    17 |       ||    39
       Rapier            |       |       |    53 |   228 ||   281
Invok: Slimify           |       |     1 |     2 |     5 ||     8
       Request Jelly     |       |     1 |     1 |     4 ||     6
       Jelly Paralyse    |       |       |     1 |     2 ||     3
  Use: Potion            |     2 |       |     5 |     7 ||    14
       Scroll            |       |       |       |     2 ||     2
 Stab: Confused          |       |       |     1 |     3 ||     4
  Eat: Chunk             |       |       |     6 |       ||     6
       Bread ration      |       |       |     1 |       ||     1
